 Dungeon Crawl Stone Soup version 0.22.1-2-g9c5b331383 (webtiles) character file.

10100 BushDid911 the Skirmisher (level 11, -9/126 HPs)
             Began as a Human Fighter on Nov 20, 2018.
             Was an Elder of Vehumet.
             Mangled by a red ugly thing (23 damage)
             ... on level 11 of the Dungeon.
             The game lasted 00:27:40 (11805 turns).

BushDid911 the Skirmisher (Human Fighter)          Turns: 11805, Time: 00:27:43

Health: -9/126     AC: 25    Str: 22    XL:     11   Next: 86%
Magic:  16/16      EV:  2    Int:  6    God:    Vehumet [****..]
Gold:   628        SH: 11    Dex: 13    Spells: 12/17 levels left

rFire    . . .     SeeInvis .   b - +5 spear of Eternal War {elec, +Fly rN+++ MR- Stlth+}
rCold    . . .     Gourm    .   c - +0 shield
rNeg     + + +     Faith    .   (armour currently unavailable)
rPois    +         Spirit   .   (helmet currently unavailable)
rElec    .         Reflect  .   (cloak currently unavailable)
rCorr    .         Harm     .   (gloves currently unavailable)
MR       .....     NoTele   +   (boots currently unavailable)
Stlth    ++........             (no amulet)
HPRegen  0.71/turn              l - ring of protection from magic
MPRegen  0.15/turn              (no ring)

@: tree-form, very slightly contaminated
A: dopey 1, regeneration 1, strong 1
a: Renounce Religion


You were on level 11 of the Dungeon.
You worshipped Vehumet.
Vehumet was greatly pleased with you.
You were hungry.
You were a tree.
You visited 1 branch of the dungeon, and saw 11 of its levels.

You collected 628 gold pieces.

Inventory:

Hand Weapons
 a - a +1 scimitar of flaming
 b - the +5 spear of Eternal War (weapon) {elec, +Fly rN+++ MR- Stlth+}
   (You found it on level 4 of the Dungeon)

   Occasionally, upon striking a foe, it will discharge some electrical energy
   and cause terrible harm.
   It renders you almost immune to negative energy.
   It affects your resistance to hostile enchantments.
   It lets you fly.
   It makes you more stealthy.
Missiles
 e - 36 bolts
 D - 2 throwing nets (quivered)
Armour
 c - a +0 shield (worn)
 p - a +0 pair of gloves (melded)
 u - the +2 leather armour "Maullog" {rCorr MP+9 SInv}
   (You found it on level 4 of the Dungeon)

   It affects your magic capacity (+9).
   It lets you see invisible.
   It provides partial protection from all sources of acid and corrosion.
 x - a +0 plate armour (melded)
 A - a +0 helmet (melded)
 L - a +1 pair of boots (melded)
Magical Staves
 M - an uncursed staff of power
Jewellery
 l - a ring of protection from magic (left branch)
 H - an uncursed ring of positive energy {unknown}
Wands
 g - a wand of disintegration (9)
 v - a wand of polymorph (17)
 y - a wand of flame (27)
 z - a wand of paralysis (20)
 G - a wand of random effects (20)
 J - a wand of digging (22)
 O - a wand of acid (6)
Scrolls
 i - 3 scrolls of magic mapping
 j - 4 scrolls of remove curse
 k - 9 scrolls of identify
 r - 2 scrolls of amnesia
 s - 2 scrolls of teleportation
 w - a scroll of fog
 F - a scroll of blinking
 K - a scroll of immolation {unknown}
Potions
 d - 2 potions of might
 h - a potion of resistance
 o - a potion of berserk rage {unknown}
 q - a potion of agility
 t - 2 potions of flight
 B - a potion of magic
 C - a potion of degeneration
 E - 3 potions of curing
 I - a potion of lignification
 N - a potion of brilliance
Comestibles
 f - 22 rations
 P - 6 chunks of flesh


   Skills:
 + Level 7.2 Fighting
 + Level 7.0 Long Blades
   Level 0.0 Maces & Flails
 * Level 5.8 Polearms
 + Level 7.1 Armour
 * Level 6.2 Dodging
 * Level 7.0 Shields
 + Level 3.8 Spellcasting
 + Level 3.8 Conjurations
 + Level 3.6 Air Magic
 * Level 1.2 Poison Magic
 - Level 4.2 Evocations


You had 12 spell levels left.
You knew the following spells:

 Your Spells              Type           Power        Failure   Level  Hunger
a - Shock                 Conj/Air       #...         5%          1    ##.....
b - Olgreb's Toxic Radia  Pois           #.......     77%         4    #####..
Your spell library was empty.

Dungeon Overview and Level Annotations

Branches:
Dungeon (11/15)            Temple (0/1) D:6            Lair (0/6) D:9
    Orc (0/2) D:10

Altars:
Ashenzari
Cheibriados
Dithmenos
Elyvilon
Kikubaaqudgha
Trog
Vehumet
Wu Jian
Xom

Annotations:
D:3 3 runed doors, BushDid911's ghost, amateur HuFi
D:9 3 runed doors, Chidaruma's ghost, novice DsGl


Innate Abilities, Weirdness & Mutations

You are dopey. (Int -2)
Your natural rate of healing is unusually fast.
Your muscles are strong. (Str +2)


Message History

* * * LOW HITPOINT WARNING * * *
You block the hippogriff's attack.
You completely miss the hippogriff.
The hippogriff is severely wounded.
You block the hippogriff's attack. x2; The hippogriff claws you.
* * * LOW HITPOINT WARNING * * *
You hit the hippogriff.
Lightning courses through the hippogriff!
You kill the hippogriff!
Vehumet accepts your kill.
You hit the red ugly thing.
The red ugly thing is heavily wounded.
You block the red ugly thing's attack.
You puncture the red ugly thing!
Lightning courses through the red ugly thing!
The red ugly thing is almost dead.
The red ugly thing tail-slaps you.
* * * LOW HITPOINT WARNING * * *
You are engulfed in flames!!
You die...

########## #.........
#####.######..
#########.............
#.........###♣######.#
#.######### #u## # ####.# #.[# #.
# .....# ##.# #< .. ###..#
#######.#####.######... ###..###
#.....).........H(H....
.......####.#####.#####..(####.$.
............#####.#######.### ..
#.#.##........((....(cH.....# .


You could see a red ugly thing.

Vanquished Creatures
  Erica (D:9)
  Pikel (D:4)
  Joseph (D:9)
  The ghost of Flure the Magician, a novice DEFE of Vehumet (D:6)
  A kobold demonologist (D:10)
  Grinder (D:4)
  4 hippogriffs
  A wyvern (D:9)
  4 yaks (D:11)
  4 hogs (D:7)
  A human (D:7)
  3 hungry ghosts
  A warg (D:10)
  Menkaure (D:5)
  Edmund (D:4)
  A water moccasin (D:11)
  Duvessa (D:6)
  2 ice beasts
  A slave (D:4)
  3 orc warriors
  2 black bears
  2 phantoms
  A sky beast (D:10)
  A hornet zombie (D:6)
  3 ogres
  A necrophage (D:8)
  2 centaurs
  A big kobold (D:10)
  A big kobold (shapeshifter) (D:10)
  7 bullfrogs
  Blork the orc (D:6)
  3 gnoll sergeants
  2 wyvern zombies (D:9)
  Dowan (D:6)
  2 scorpions
  A water moccasin skeleton (D:9)
  9 wights (D:8)
  9 killer bees
  A howler monkey (D:8)
  4 crimson imps
  2 bullfrog zombies
  3 hounds
  A jelly (D:5)
  A centaur skeleton (D:10)
  8 orc wizards
  A bullfrog skeleton (D:5)
  2 orc priests
  2 iguanas
  Ijyb (D:4)
  11 worker ants
  2 hound zombies
  A mummy (D:8)
  Robin (D:4)
  17 gnolls
  9 adders
  A shadow imp (D:6)
  An ooze (D:6)
  2 adder skeletons
  2 worms (D:2)
  5 leopard geckos
  24 orcs
  10 bats
  5 giant cockroaches
  17 goblins
  8 hobgoblins
  9 jackals
  4 quokkas
  A ball python (D:2)
  2 frilled lizards
  10 kobolds
  A leopard gecko skeleton (D:4)
  A leopard gecko zombie (D:5)
  A quokka skeleton (D:8)
  7 rats
261 creatures vanquished.

Vanquished Creatures (others)
  A leopard gecko (D:5)
  2 goblins (D:4)
  A hobgoblin (D:2)
  A quokka (D:5)
  A frilled lizard (D:2)
6 creatures vanquished.

Grand Total: 267 creatures vanquished

Notes
Turn   | Place    | Note
-------+----------+-------------------------------------------
     0 | D:1      | BushDid911 the Human Fighter began the quest for the Orb.
     0 | D:1      | Reached XP level 1. HP: 18/18 MP: 1/1
   162 | D:1      | Reached XP level 2. HP: 24/24 MP: 2/2
   498 | D:1      | Reached XP level 3. HP: 20/29 MP: 3/3
  1334 | D:2      | Reached XP level 4. HP: 36/37 MP: 4/4
  2458 | D:2      | Found a radiant altar of Vehumet.
  2525 | D:2      | Reached XP level 5. HP: 41/42 MP: 5/5
  2999 | D:2      | Became a worshipper of Vehumet
  3248 | D:3      | Found a bloodstained altar of Trog.
  3648 | D:3      | Noticed BushDid911's ghost (amateur HuFi)
  3668 | D:3      | Found a runed gate.
  3668 | D:3      | Found a runed gate.
  3668 | D:3      | Found a runed gate.
  3970 | D:4      | Noticed Edmund
  3983 | D:4      | Killed Edmund
  3983 | D:4      | Reached skill level 5 in Fighting
  3983 | D:4      | Reached XP level 6. HP: 41/51 MP: 6/6
  4018 | D:4      | Found a shadowy altar of Dithmenos.
  4289 | D:4      | Reached skill level 5 in Long Blades
  4289 | D:4      | Reached XP level 7. HP: 54/56 MP: 7/7
  4312 | D:4      | Got a pitted leather armour
  4323 | D:4      | Identified the +2 leather armour "Maullog" {rCorr MP+9
                  | SInv} (You found it on level 4 of the Dungeon)
  4371 | D:4      | Noticed Pikel
  4411 | D:4      | Killed Pikel
  4411 | D:4      | Reached skill level 1 in Spellcasting
  4411 | D:4      | Reached skill level 1 in Evocations
  4411 | D:4      | Reached XP level 8. HP: 59/64 MP: 9/9
  4569 | D:4      | Noticed Ijyb
  4584 | D:4      | Killed Ijyb
  4593 | D:4      | Identified the +5 spear of Eternal War {elec, +Fly rN+++
                  | MR- Stlth+} (You found it on level 4 of the Dungeon)
  4747 | D:4      | Noticed Grinder
  4749 | D:4      | Paralysed by Grinder for 5 turns
  4760 | D:4      | Paralysed by Grinder for 6 turns
  4767 | D:4      | Killed Grinder
  4767 | D:4      | Reached skill level 1 in Polearms
  4833 | D:4      | Noticed Robin
  4841 | D:4      | Killed Robin
  5277 | D:5      | Entered Level 5 of the Dungeon
  5325 | D:5      | Reached * piety under Vehumet
  5325 | D:5      | Offered knowledge of Shock by Vehumet.
  5337 | D:5      | Learned a level 1 spell: Shock
  5752 | D:5      | Found an ornate altar of the Wu Jian Council.
  5809 | D:5      | Found a shimmering altar of Xom.
  5812 | D:5      | Noticed Menkaure
  5813 | D:5      | Found a shimmering altar of Xom.
  5813 | D:5      | Found a shimmering altar of Xom.
  5813 | D:5      | Found a shimmering altar of Xom.
  5813 | D:5      | Found a shimmering altar of Xom.
  5827 | D:5      | Killed Menkaure
  5827 | D:5      | Reached XP level 9. HP: 28/69 MP: 11/11
  6134 | D:5      | Found a shimmering altar of Xom.
  6134 | D:5      | Found a shimmering altar of Xom.
  6320 | D:5      | Found a white marble altar of Elyvilon.
  6454 | D:6      | Reached skill level 1 in Conjurations
  6454 | D:6      | Reached skill level 1 in Air Magic
  6458 | D:6      | Found a transporter.
  6461 | D:6      | Noticed Flure's ghost (novice DEFE)
  6541 | D:6      | Found a transporter.
  6573 | D:6      | Noticed Blork the orc
  6577 | D:6      | Killed Blork the orc
  6583 | D:6      | Found an ancient bone altar of Kikubaaqudgha.
  6697 | D:6      | Found a staircase to the Ecumenical Temple.
  6724 | D:6      | Noticed Duvessa
  6725 | D:6      | Noticed Dowan
  6732 | D:6      | Killed Duvessa
  6732 | D:6      | Reached skill level 5 in Shields
  6735 | D:6      | Killed Dowan
  6740 | D:6      | Reached skill level 5 in Armour
  6751 | D:6      | Reached ** piety under Vehumet
  6947 | D:6      | Offered knowledge of Sandblast by Vehumet.
  7210 | D:7      | Noticed a hippogriff
  7217 | D:7      | Killed a hippogriff
  7741 | D:7      | Reached XP level 10. HP: 39/77 MP: 13/13
  7945 | D:8      | Offered knowledge of Ignite Poison by Vehumet.
  7959 | D:8      | Gained mutation: Your muscles are strong. (Str +2) [potion
                  | of mutation]
  7959 | D:8      | Gained mutation: You are dopey. (Int -2) [potion of
                  | mutation]
  7959 | D:8      | Gained mutation: Your natural rate of healing is unusually
                  | fast. [potion of mutation]
  8108 | D:8      | Found a white marble altar of Elyvilon.
  8365 | D:8      | Found a snail-covered altar of Cheibriados.
  8422 | D:8      | Reached *** piety under Vehumet
  8710 | D:9      | Noticed Erica
  8845 | D:9      | Killed Erica
  8845 | D:9      | Reached skill level 5 in Dodging
  8886 | D:9      | Found a staircase to the Lair.
  9029 | D:9      | Offered knowledge of Iskenderun's Mystic Blast by Vehumet.
  9103 | D:9      | Found a shattered altar of Ashenzari.
  9129 | D:9      | Reached XP level 11. HP: 83/83 MP: 15/15
  9231 | D:9      | Found a runed gate.
  9231 | D:9      | Found a runed gate.
  9231 | D:9      | Found a runed gate.
  9237 | D:9      | Noticed Chidaruma's ghost (novice DsGl)
  9287 | D:9      | Noticed Joseph
  9298 | D:9      | Killed Joseph
  9737 | D:6      | Killed Flure's ghost
  9737 | D:6      | Reached skill level 5 in Polearms
  9757 | D:6      | HP: 1/83 [orc warrior/dire flail (14)]
 10186 | D:10     | Entered Level 10 of the Dungeon
 10345 | D:10     | Reached **** piety under Vehumet
 10370 | D:10     | Found a staircase to the Orcish Mines.
 10736 | D:10     | Offered knowledge of Olgreb's Toxic Radiance by Vehumet.
 11164 | D:10     | Paralysed by fainting for 6 turns
 11228 | D:10     | Learned a level 4 spell: Olgreb's Toxic Radiance
 11562 | D:11     | Reached skill level 1 in Poison Magic
 11727 | D:11     | Noticed a green ugly thing
 11805 | D:11     | Mangled by a red ugly thing

Skill      XL: |  1  2  3  4  5  6  7  8  9 10 11 |
---------------+----------------------------------+-----
Long Blades    | 3 4 5 6 7 |  7.0
Fighting       | 4 5 6 7 |  7.2
Dodging        | 2 3 4 5 6 |  6.2
Spellcasting   | 1 2 3 |  3.8
Evocations     | 1 2 3 4 |  4.2
Polearms       | 1 3 4 5 |  5.8
Armour         | 4 5 6 7 |  7.1
Shields        | 4 5 6 7 |  7.0
Conjurations   | 2 3 |  3.8
Air Magic      | 1 2 3 |  3.6
Poison Magic   | 1 |  1.2

Action                   |  1- 3 |  4- 6 |  7- 9 | 10-12 || total
-------------------------+-------+-------+-------+-------++-------
Melee: Long sword        |    92 |   106 |       |       ||   198
       Dagger            |       |    54 |    52 |       ||   106
       Spear             |       |       |   237 |   552 ||   789
  Use: Scroll            |     1 |     3 |     4 |     6 ||    14
       Potion            |       |     2 |       |    17 ||    19
  Eat: Chunk             |     1 |     9 |    12 |    13 ||    35
       Ration            |       |       |       |     4 ||     4
Armor: Scale mail        |    48 |    58 |       |       ||   106
       Plate armour      |       |     7 |   118 |   191 ||   316
       Leather armour    |       |       |     6 |       ||     6
       Skin              |       |       |       |    10 ||    10
Dodge: Dodged            |    27 |    29 |    39 |   100 ||   195
Block: Shield            |    46 |    66 |   100 |   240 ||   452
       Rpst.: Long sword |     8 |     6 |       |       ||    14
